 Dungeon Sprint DCSS version 0.24.1-14-gf8d2b509d9 (webtiles) character file.

Game seed: 6893978718716961902, levelgen mode: deterministic

12218 sahdkjhfkaj the Imperceptible (level 11, 0/45 (47) HPs)
             Began as a Spriggan Enchanter on Oct 17, 2020.
             Was the Champion of Dithmenos.
             Slain by a fire giant
             ... wielding a +1 great sword of flaming
              (14 damage)
             ... in the Dungeon (Sprint I: "Red Sonja").
             The game lasted 00:08:02 (2049 turns).

sahdkjhfkaj the Imperceptible (Spriggan Enchanter)  Turns: 2049, Time: 00:08:03

HP:   0/45 (47)     AC:  2    Str:  4    XL:     11   Next: 59%
MP:   26/29         EV: 18    Int: 17    God:    Dithmenos [******]
Gold: 1325          SH:  0    Dex: 20    Spells: 29/37 levels left

rFire    . . .     SeeInvis +   a - +1 dagger
rCold    . . .     Gourm    .   (shield restricted)
rNeg     . . .     Faith    .   b - +0 robe
rPois    .         Spirit   .   (helmet restricted)
rElec    .         Reflect  .   (no cloak)
rCorr    .         Harm     .   (gloves unavailable)
MR       +....     NoTele   +   (boots unavailable)
Stlth    ++++++++++             (no amulet)
HPRegen  0.15/turn              (no ring)
MPRegen  0.21/turn              (no ring)

@: wreathed by umbra, very quick
A: very small, unfitting armour, see invisible, herbivore, speed 3, slow
metabolism 2
a: Shadow Step, Shadow Form, Renounce Religion


You were in the Dungeon.
You worshipped Dithmenos.
Dithmenos was exalted by your worship.
You were not hungry.

You visited 1 branch You collected 1799 gold pieces.
You spent 474 gold pieces at shops.

Inventory:

Hand Weapons
 a - a +1 dagger (weapon)
Missiles
 k - 4 curare-tipped darts (quivered)
Armour
 b - a +0 robe (worn)
Wands
 i - a wand of polymorph (8)
Scrolls
 f - a scroll of fog {unknown}
 j - a scroll of blinking
 l - a scroll of enchant weapon {unknown}
 m - a scroll of identify {unknown}
Potions
 c - a potion of might {unknown}
 e - a potion of curing
 g - a potion of haste
 h - 2 potions of magic
Comestibles
 d - 4 rations


   Skills:
 + Level 12.2 Short Blades
 - Level 3.0 Dodging
 * Level 25.3 Stealth
 + Level 13.5 Spellcasting
 * Level 18.2 Hexes


You had 29 spell levels left.
You knew the following spells:

 Your Spells              Type           Power        Failure   Level  Hunger
a - Corona                Hex            ######.      0%          1    None
b - Ensorcelled Hibernat  Hex/Ice        #####.       1%          2    None
c - Confuse               Hex            ######..     0%          3    None
B - Blink                 Tloc           N/A          9%          2    None

Your spell library contained the following spells:

 Spells                   Type           Power        Failure   Level  Hunger
 Slow                     Hex            ######..     0%          2    None
 Tukima's Dance           Hex            ######..     0%          3    None
 Dazzling Spray           Conj/Hex       #####.       1%          3    None
 Magic Dart               Conj           ##..         6%          1    None
 Call Imp                 Summ           ##......     9%          2    None
 Conjure Flame            Conj/Fire      ##......     19%         3    None
 Mephitic Cloud           Conj/Pois/Air  ##......     19%         3    None


Dungeon Overview and Level Annotations

Branches:
Dungeon (1/1)

Altars:
Cheibriados
Dithmenos
Elyvilon
Fedhas
Gozag
Hepliaklqana
Kikubaaqudgha
Makhleb
Nemelex Xobeh
Okawaru
Qazlal
Ru
Sif Muna
Trog
Uskayaw
Vehumet
Wu Jian
Xom
Yredelemnul
Zin
The Shining One
Jiyva
Lugonu

Shops:
D *[*[**[=([[?[?:[*


Innate Abilities, Weirdness & Mutations

You are very small and have problems with some larger weapons.
You are too small for most types of armour.
You have supernaturally acute eyesight. (SInv)
You are a herbivore.
You cover ground extremely quickly.
You need to consume almost no food.


Message History

The daeva is too close now for your liking.
(D) Dungeon
Where to? (Enter - D @ (x,y), ? - help)
The daeva is too close now for your liking.
You close the door.
You strike the helpless fire giant from behind!
You perforate the fire giant like a sieve!!!
The fire giant is severely wounded.
Your shadow hits the fire giant but does no damage.
Casting: Confuse (safe; 0% risk of failure)
Confirm with . or Enter, or press ? or * to list all spells.
Aiming: Confuse (safe; 0% risk of failure)
Press: ? - help, Shift-Dir - straight line, f - fire giant
Aim: a fire giant, wielding a +1 great sword of flaming (severely wounded, umbra, chance to defeat MR: 28%)
The fire giant easily resists.
The fire giant hits you with a +1 great sword of flaming!!
Ouch! That really hurt!
* * * LOW HITPOINT WARNING * * *
You emit a cloud of dark smoke.
The fire giant burns you!
You die...

..'.§#.#
##§§.#####
###§§§.#
###'# ?)##
.##+####
#.##$$$#
.#
#§§###$#
§#
##§#A#$#
'###
#..###$#
.'.#
#.##..$#
##.#
#.§#+###
##§#
##§@§#
##.# ###C#
##.# #.#
.'.# #.#
##.#
####'#
.#§#
###§§§.#
#§§#
#.§§####
####
.......###
# ...####


You could see a fire giant.

Vanquished Creatures
  2 centaur warriors (D)
  Sonja (D)
  A deep troll (D)
  7 unseen horrors (D)
  A lindwurm (D)
  An oklob plant (D)
  2 kobold demonologists (D)
  4 demonic crawlers (D)
  A hornet (D)
  A slime creature (D)
  Sigmund (D)
  2 redbacks (D)
  A yak (D)
  13 hogs (D)
  2 floating eyes (D)
  7 necrophages (D)
  An ogre (D)
  8 jellies (D)
  Ijyb (D)
57 creatures vanquished.

Notes
Turn   | Place    | Note
-------+----------+-------------------------------------------
     0 | D        | sahdkjhfkaj the Spriggan Enchanter began the quest for the
                  | Orb.
     0 | D        | Reached XP level 1. HP: 9/9 MP: 5/5
     1 | D        | Noticed Ijyb
    16 | D        | Killed Ijyb
    16 | D        | Reached skill level 10 in Stealth
    16 | D        | Reached XP level 2. HP: 13/13 MP: 6/6
    69 | D        | Learned a level 2 spell: Ensorcelled Hibernation
    72 | D        | Noticed an ogre
    75 | D        | Killed an ogre
    75 | D        | Reached skill level 14 in Stealth
    75 | D        | Reached XP level 3. HP: 16/16 MP: 8/8
    75 | D        | Reached XP level 4. HP: 21/21 MP: 9/9
    85 | D        | Noticed Sigmund
    88 | D        | Killed Sigmund
    88 | D        | Reached skill level 17 in Stealth
    88 | D        | Reached XP level 5. HP: 24/24 MP: 10/10
    93 | D        | Learned a level 3 spell: Confuse
   104 | D        | Found an ornate altar of the Wu Jian Council.
   104 | D        | Found a shimmering blue altar of Sif Muna.
   106 | D        | Found a radiant altar of Vehumet.
   110 | D        | Reached skill level 18 in Stealth
   110 | D        | Reached XP level 6. HP: 28/28 MP: 11/11
   128 | D        | Found Uneuduj's Antique Armour Emporium.
   128 | D        | Found an ancient bone altar of Kikubaaqudgha.
   128 | D        | Found a hazy altar of Hepliaklqana.
   128 | D        | Found a stormy altar of Qazlal.
   128 | D        | Found a hide-covered altar of Uskayaw.
   128 | D        | Found a blossoming altar of Fedhas.
   128 | D        | Found a bloodstained altar of Trog.
   128 | D        | Found an iron altar of Okawaru.
   128 | D        | Found a basalt altar of Yredelemnul.
   128 | D        | Found a glowing golden altar of the Shining One.
   128 | D        | Found a snail-covered altar of Cheibriados.
   128 | D        | Found a sacrificial altar of Ru.
   128 | D        | Found a glowing silver altar of Zin.
   128 | D        | Found a shadowy altar of Dithmenos.
   128 | D        | Found a white marble altar of Elyvilon.
   128 | D        | Noticed a yak
   129 | D        | Found an opulent altar of Gozag.
   130 | D        | Killed a yak
   131 | D        | Found a sparkling altar of Nemelex Xobeh.
   137 | D        | Became a worshipper of Dithmenos the Shadowed
   165 | D        | Noticed Sonja
   169 | D        | Killed Sonja
   169 | D        | Reached skill level 19 in Stealth
   169 | D        | Reached skill level 10 in Hexes
   169 | D        | Reached XP level 7. HP: 32/32 MP: 14/18
   169 | D        | Reached XP level 8. HP: 36/36 MP: 14/19
   212 | D        | Found Gos Woyrch's Assorted Antiques.
   232 | D        | Noticed a deep troll
   241 | D        | Killed a deep troll
   279 | D        | Found Nurokkoj's Armour Emporium.
   318 | D        | Found a burning altar of Makhleb.
   318 | D        | Found a viscous altar of Jiyva.
   318 | D        | Found a shimmering altar of Xom.
   318 | D        | Found a corrupted altar of Lugonu.
   318 | D        | Noticed a slime creature
   321 | D        | Killed a slime creature
   321 | D        | Reached * piety under Dithmenos
   321 | D        | Reached skill level 20 in Stealth
   336 | D        | Noticed a kobold demonologist
   336 | D        | Noticed a kobold demonologist
   338 | D        | Noticed a sun demon
   340 | D        | Paralysed by a floating eye for 3 turns
   344 | D        | Noticed a sun demon
   448 | D        | Killed a kobold demonologist
   448 | D        | Reached XP level 9. HP: 39/39 MP: 17/23
   484 | D        | Killed a kobold demonologist
   484 | D        | Reached ** piety under Dithmenos
   531 | D        | Noticed a centaur warrior
   531 | D        | Noticed a centaur warrior
   541 | D        | Killed a centaur warrior
   541 | D        | Reached skill level 21 in Stealth
   541 | D        | Reached skill level 10 in Spellcasting
   544 | D        | Killed a centaur warrior
   663 | D        | Noticed an oklob plant
   665 | D        | Killed an oklob plant
   665 | D        | Reached *** piety under Dithmenos
   665 | D        | Reached skill level 22 in Stealth
   665 | D        | Reached XP level 10. HP: 44/44 MP: 25/25
   697 | D        | Noticed an unseen horror
   697 | D        | Noticed an unseen horror
   703 | D        | Killed an unseen horror
   703 | D        | Reached skill level 10 in Short Blades
   703 | D        | Reached skill level 15 in Hexes
   705 | D        | Killed an unseen horror
   705 | D        | Reached **** piety under Dithmenos
   713 | D        | Reached ***** piety under Dithmenos
   713 | D        | Reached skill level 23 in Stealth
   805 | D        | Reached ****** piety under Dithmenos
   937 | D        | Got sapphire-studded shadow dragon scales
   948 | D        | Identified the +5 shadow dragon scales "Gomirrib" {rPois
                  | rC- rN+ Slay+4 Stlth++++} (You found it in the Dungeon)
   952 | D        | Found Yshrorhic's Armour Shoppe.
   952 | D        | Found Inekuj's Assorted Antiques.
   952 | D        | Found Cumeite's General Store.
   954 | D        | Found Donutat's Assorted Antiques.
   954 | D        | Found Byolem's Armour Shop.
   954 | D        | Found Xapatwyoha's Jewellery Shoppe.
   954 | D        | Found Ociops's Weapon Boutique.
   954 | D        | Found Petoent's Armour Emporium.
   954 | D        | Found Seeph's Armour Shop.
   954 | D        | Found Plog's Magic Scroll Shoppe.
   955 | D        | Found Kyruil's Armour Boutique.
   956 | D        | Found Ukkaq's Book Emporium.
   956 | D        | Found Ade Rihi's Magic Scroll Boutique.
   957 | D        | Found Polohog's Assorted Antiques.
   964 | D        | Bought a book of Minor Magic for 280 gold pieces
   967 | D        | Learned a level 2 spell: Blink
  1042 | D        | Noticed a lindwurm
  1046 | D        | Killed a lindwurm
  1046 | D        | Reached XP level 11. HP: 42/45 MP: 25/28
  1072 | D        | Reached skill level 24 in Stealth
  1263 | D        | Noticed a daeva
  1267 | D        | Noticed an unseen horror
  1267 | D        | Noticed an unseen horror
  1267 | D        | Noticed an unseen horror
  1267 | D        | Noticed an unseen horror
  1269 | D        | Killed an unseen horror
  1270 | D        | Noticed an unseen horror
  1271 | D        | Killed an unseen horror
  1272 | D        | Killed an unseen horror
  1272 | D        | Reached skill level 25 in Stealth
  1274 | D        | Killed an unseen horror
  1276 | D        | Killed an unseen horror
  1361 | D        | Bought a scroll of blinking for 97 gold pieces
  1361 | D        | Bought a scroll of blinking for 97 gold pieces
  1426 | D        | Noticed a fire giant
  1430 | D        | Noticed a fire giant
  1729 | D        | Noticed a fire giant
  2049 | D        | Slain by a fire giant

Levels and vault maps discovered:
D:        dungeon_sprint_1 [red_sonja_temple_1, red_sonja_temple_small_1]

Skill      XL: |  1  2  3  4  5  6  7  8  9 10 11 |
---------------+----------------------------------+-----
Stealth        | 10 14 17 18 19 20 22 23 25 | 25.3
Spellcasting   | 3 7 9 10 12 13 | 13.5
Hexes          | 4 10 12 14 16 18 | 18.2
Short Blades   | 6 8 9 11 12 | 12.2
Dodging        | |  3.0

Action                   |  1- 3 |  4- 6 |  7- 9 | 10-12 || total
-------------------------+-------+-------+-------+-------++-------
Melee: Dagger            |    15 |     4 |    21 |    75 ||   115
 Cast: Ensorcelled Hiber |       |       |    12 |     9 ||    21
       Confuse           |       |       |     4 |    17 ||    21
  Use: Potion            |     1 |       |     1 |       ||     2
       Scroll            |       |       |       |     2 ||     2
 Stab: Sleeping          |     1 |     4 |     7 |    34 ||    46
       Distracted        |       |       |     1 |     1 ||     2
       Confused          |       |       |     1 |     8 ||     9
Armor: Robe              |       |       |     3 |     1 ||     4
Dodge: Dodged            |     8 |       |    32 |    29 ||    69
